 Dungeon Crawl Stone Soup version 0.16-a0-3602-g9bd3662 (webtiles) character file.

9452 Minkie the Bludgeoner (level 11, -9/102 HPs)
             Began as an Ogre Hunter on Jan 12, 2015.
             Was a Believer of the Shining One.
             Mangled by a yak (13 damage)
             ... on level 10 of the Dungeon.
             The game lasted 00:49:49 (13223 turns).

Minkie the Bludgeoner (Ogre Hunter)                Turns: 13223, Time: 00:49:49

Health: -9/102     AC:  5    Str: 19    XL:     11   Next: 46%
Magic:  11/11      EV: 10    Int: 13    God:    the Shining One [**....]
Gold:   571        SH:  0    Dex: 12    Spells: 0 memorised, 10 levels left

rFire  . . .     SeeInvis .     a - +3 giant spiked club
rCold  . . .     Clarity  .     d - +0 animal skin (curse)
rNeg   + . .     SustAb   .     (shield restricted)
rPois  .         Gourm    .     (helmet restricted)
rElec  .         Spirit   .     w - +1 cloak
rCorr  .         Warding  .     (gloves unavailable)
rMut   .         Stasis   .     (boots unavailable)
MR     +....                    (no amulet)
Stlth  +.........               c - ring of teleport control
                                q - +2 ring of dexterity

@: confused, glowing, somewhat resistant to hostile enchantments, very
unstealthy
A: unfitting armour, tough skin 1
a: Divine Shield, Renounce Religion, Evoke Teleport Control


You were on level 10 of the Dungeon.
You worshipped the Shining One.
The Shining One was pleased with you.
You were not hungry.

You visited 3 branches of the dungeon, and saw 12 of its levels.

You collected 571 gold pieces.

Inventory:

Hand weapons
 a - a +3 giant spiked club (weapon)
Missiles
 E - 12 large rocks (quivered)
Armour
 d - a cursed +0 animal skin (worn)
 w - a +1 cloak (worn)
Jewellery
 c - a ring of teleport control (right hand)
 q - a +2 ring of dexterity (left hand)
Magical devices
 k - a wand of disintegration (16)
Scrolls
 b - a scroll of amnesia
 e - 3 scrolls of teleportation
 i - 4 scrolls of magic mapping
 j - 9 scrolls of identify
 l - 7 scrolls of remove curse
 r - 2 scrolls of fog
 s - 2 scrolls of fear
Potions
 h - 6 potions of curing
 o - 2 potions of restore abilities
 p - a potion of agility
 u - 3 potions of cure mutation
 v - a potion of berserk rage
 z - a potion of haste
 D - 2 potions of might
Books
 m - a book of Conjurations

   Spells                             Type                      Level
   a - Magic Dart                     Conjuration                  1
   b - Searing Ray                    Conjuration                  2
   c - Dazzling Spray                 Conjuration/Hexes            3
   d - Fulminant Prism                Conjuration/Hexes            4
   e - Iskenderun's Mystic Blast      Conjuration                  4
   f - Iskenderun's Battlesphere      Conjuration/Charms           5
Comestibles
 f - 7 meat rations
 g - a slice of pizza
 n - 8 bread rations
 t - a beef jerky
 x - 4 fruits
 A - a chunk of flesh


   Skills:
 - Level 5.0 Fighting
 * Level 19.7 Maces & Flails
 - Level 6.0 Throwing
 - Level 1.7 Dodging
 - Level 0.7 Stealth


You had 10 spell levels left.
You didn't know any spells.

Dungeon Overview and Level Annotations

Branches:
Dungeon (10/15)            Temple (1/1) D:7            Lair (1/8) D:8
    Orc: D:9-12

Altars:
Ashenzari
Cheibriados
Dithmenos
Elyvilon
Fedhas
Gozag
Kikubaaqudgha
Makhleb
Nemelex Xobeh
Okawaru
Qazlal
Ru
Sif Muna
Trog
Vehumet
Xom
Yredelemnul
Zin
The Shining One

Shops:
D:6 *   D:7 =


Innate Abilities, Weirdness & Mutations

You are too large for most types of armour.
You have tough skin (AC +1).


Message History

* * * LOW HITPOINT WARNING * * *
The orc warrior misses you. The orc warrior hits you with a mace!
* * * LOW HITPOINT WARNING * * *
A two-headed ogre comes into view. It is wielding two giant clubs.
The two-headed ogre shouts in stereo!
A deep elf mage comes into view. It is wielding a long sword.
The deep elf mage shouts!
Drink which item? (? for menu, Esc to quit)
You can't drink that!
Drink which item? (? for menu, Esc to quit)
You are confused.
You feel invigorated. The yak gores you!
* * * LOW HITPOINT WARNING * * *
You puncture the yak!
The yak is heavily wounded.
The orc warrior hits you with a mace.
* * * LOW HITPOINT WARNING * * *
The yak gores you!
You die...

..###...................
(....>......#.........#
....[.......#........# .
................Y....##...
#.....##.........).........
......##.........†.........
......................#..#.
...............oY.....##.
..#.........(...@........
.##.........).............
.#.#............O........
..#.............<....e...
.#.....#.................
.###.................... ##
#.................... #
##...##......##.#.... ##
##..........# .#...


You could see 2 yaks, a two-headed ogre, an orc warrior and a deep elf mage.

Vanquished Creatures
  A centaur warrior (D:9)
  The ghost of chequers the Carver, an experienced HuFi (D:6)
  A cyclops (D:10)
  A komodo dragon (Lair:1)
  A basilisk (Lair:1)
  4 yaks
  2 hippogriffs
  A wyvern (D:10)
  Grum (D:9)
  6 wolves
  3 orc warriors
  4 water moccasins
  2 wandering mushrooms (D:8)
  2 porcupines (Lair:1)
  7 ogres
  An ice beast (D:7)
  2 phantoms (D:8)
  A necrophage (D:8)
  An eye of draining (D:8)
  A crocodile (Lair:1)
  A brain worm (D:10)
  4 centaurs
  A big kobold (D:10)
  7 giant frogs
  3 scorpions
  4 killer bees (D:9)
  9 wights (D:6)
  2 jellies
  A quasit (D:8)
  A wasp zombie (D:6)
  4 orc priests
  A centaur zombie (D:6)
  A giant frog zombie (D:8)
  4 crimson imps
  7 hounds
  5 iguanas
  4 giant frog skeletons
  9 worker ants
  9 orc wizards
  A mummy (D:10)
  A worker ant zombie (D:9)
  14 adders
  3 gnolls (D:4)
  15 river rats (Lair:1)
  4 shadow imps
  5 worms
  An adder zombie (D:6)
  7 giant geckos
  2 oozes
  31 orcs
  A ball python (D:6)
  11 bats
  7 giant cockroaches
  9 goblins
  17 hobgoblins
  16 jackals
  4 quokkas
  A giant gecko skeleton (D:4)
  7 giant newts
  A jackal zombie (D:7)
  19 kobolds
  A quokka skeleton (D:8)
  2 quokka zombies
  15 rats
315 creatures vanquished.

Vanquished Creatures (others)
  2 fungi (D:8)
2 creatures vanquished.

Grand Total: 317 creatures vanquished

Notes
Turn   | Place    | Note
--------------------------------------------------------------
     0 | D:1      | Minkie, the Ogre Hunter, began the quest for the Orb.
     0 | D:1      | Reached XP level 1. HP: 22/22 MP: 1/1
   137 | D:1      | Reached skill level 1 in Maces & Flails
   137 | D:1      | Reached XP level 2. HP: 28/31 MP: 2/2
   640 | D:1      | Reached XP level 3. HP: 34/39 MP: 3/3
  1009 | D:2      | Reached XP level 4. HP: 49/49 MP: 4/4
  1617 | D:2      | Reached skill level 5 in Fighting
  1880 | D:3      | Reached XP level 5. HP: 50/57 MP: 5/5
  1930 | D:3      | Found a shadowy altar of Dithmenos.
  2562 | D:4      | Noticed an ogre
  2583 | D:4      | Killed an ogre
  2583 | D:4      | Reached skill level 5 in Maces & Flails
  2583 | D:4      | Reached skill level 5 in Throwing
  2583 | D:4      | Reached XP level 6. HP: 22/66 MP: 6/6
  3099 | D:4      | Reached skill level 6 in Maces & Flails
  3538 | D:4      | Noticed an ogre
  3541 | D:4      | Killed an ogre
  3541 | D:4      | Reached XP level 7. HP: 58/72 MP: 7/7
  3557 | D:4      | Reached skill level 7 in Maces & Flails
  4130 | D:4      | Noticed an ogre
  4136 | D:4      | Killed an ogre
  4418 | D:4      | Reached skill level 8 in Maces & Flails
  4566 | D:5      | Entered Level 5 of the Dungeon
  4989 | D:5      | Found an iron altar of Okawaru.
  4989 | D:5      | Found a snail-covered altar of Cheibriados.
  4990 | D:5      | Found an opulent altar of Gozag.
  5031 | D:5      | Found a deep blue altar of Sif Muna.
  5206 | D:5      | Reached skill level 9 in Maces & Flails
  5206 | D:5      | Reached XP level 8. HP: 42/80 MP: 8/8
  5772 | D:6      | Reached skill level 10 in Maces & Flails
  6009 | D:6      | Found a basalt altar of Yredelemnul.
  6034 | D:6      | Reached skill level 11 in Maces & Flails
  6297 | D:6      | Noticed chequers' ghost (experienced HuFi)
  6306 | D:6      | Killed chequers' ghost
  6306 | D:6      | Reached skill level 12 in Maces & Flails
  6306 | D:6      | Reached XP level 9. HP: 49/88 MP: 9/9
  6529 | D:6      | Found Beakaf's Serpentskin Sales.
  6575 | D:6      | Reached skill level 13 in Maces & Flails
  7084 | D:7      | Found Kuorok's Jewellery Shoppe.
  7324 | D:7      | Reached skill level 14 in Maces & Flails
  7547 | D:7      | Found a staircase to the Ecumenical Temple.
  7558 | Temple   | Entered the Ecumenical Temple
  7567 | Temple   | Became a worshipper of the Shining One
  8092 | D:7      | Reached skill level 15 in Maces & Flails
  8483 | D:8      | Reached XP level 10. HP: 87/96 MP: 8/10
  8487 | D:8      | Noticed a wandering mushroom
  8489 | D:8      | Found a staircase to the Lair.
  8489 | D:8      | Noticed a wandering mushroom
  8497 | D:8      | Killed a wandering mushroom
  8503 | D:8      | Killed a wandering mushroom
  8702 | Lair:1   | Entered Level 1 of the Lair of Beasts
  8735 | Lair:1   | Reached skill level 16 in Maces & Flails
  8996 | Lair:1   | Acquired the Shining One's first power
  9475 | Lair:1   | Reached skill level 17 in Maces & Flails
  9784 | Lair:1   | Identified a scroll of acquirement
 10691 | D:9      | Reached skill level 18 in Maces & Flails
 10774 | D:9      | Noticed a centaur warrior
 10782 | D:9      | Killed a centaur warrior
 10782 | D:9      | Reached XP level 11. HP: 62/102 MP: 11/11
 11027 | D:9      | Acquired the Shining One's second power
 11181 | D:9      | Found a white marble altar of Elyvilon.
 11354 | D:9      | Noticed Grum
 11362 | D:9      | Killed Grum
 11362 | D:9      | Reached skill level 19 in Maces & Flails
 12426 | D:10     | Entered Level 10 of the Dungeon
 13222 | D:10     | HP: 3/102 [yak (8)]
 13223 | D:10     | Mangled by a yak

Action                   |  1- 3 |  4- 6 |  7- 9 | 10-12 || total
-------------------------+-------+-------+-------+-------++-------
Melee: Short sword       |   151 |   114 |       |       ||   265
       Flail             |       |    38 |       |       ||    38
       Giant club        |       |    57 |    17 |       ||    74
       Giant spiked club |       |       |   324 |   275 ||   599
Throw: Large rock        |     6 |    29 |     2 |       ||    37
       Throwing net      |       |       |     1 |       ||     1
  Use: Scroll            |       |    10 |    15 |     3 ||    28
       Potion            |       |       |     1 |     3 ||     4
 Stab: Sleeping          |       |       |     1 |       ||     1
       Distracted        |       |       |     1 |       ||     1
  Eat: Chunk             |       |     9 |    16 |    15 ||    40
